 Dungeon Crawl Stone Soup version 0.31-a0-145-g046c7d2549 (webtiles) character file.

Game seed: 3029605338220819626

397 qw the Skirmisher (level 6, 0/52 HPs)
             Began as a Minotaur Hunter on June 7, 2023.
             Was an Initiate of Okawaru.
             Hit by a boomerang thrown by a gnoll (4 damage)
             ... on level 5 of the Dungeon.
             The game lasted 00:01:07 (2654 turns).

qw the Skirmisher (Minotaur Hunter)                 Turns: 2654, Time: 00:01:08

Health: 0/52       AC:  6    Str: 21    XL:     6   Next: 53%
Magic:  5/5        EV: 11    Int:  6    God:    Okawaru [......]
Gold:   284        SH:  0    Dex: 16    Spells: 5/5 levels left

rFire   . . .        Y - +1 shortbow
rCold   . . .        (shield currently unavailable)
rNeg    . . .        h - +0 ring mail
rPois   .            (helmet restricted)
rElec   .            (no cloak)
rCorr   .            e - +0 pair of gloves
SInv    .            (no boots)
Will    .....        (no amulet)
Stlth   +            k - +6 ring of strength
HPRegen 0.28/turn    (no ring)
MPRegen 0.09/turn

%: no passive effects
@: about to teleport
A: horns 2, retaliatory headbutt
a: Renounce Religion


You were on level 5 of the Dungeon.
You worshipped Okawaru.
Okawaru was noncommittal.
You visited 2 branches of the dungeon, and saw 6 of its levels.

You collected 284 gold pieces.


Innate Abilities, Weirdness & Mutations

You have a pair of horns on your head.
You reflexively headbutt those who attack you in melee.


   Skills:
 + Level 4.1 Fighting
 - Level 8.0 Ranged Weapons
 - Level 1.0 Armour
 - Level 2.1 Dodging
 - Level 0.7 Stealth


You had 5 spell levels left.
You didn't know any spells.
Your spell library was empty.

Inventory:

Hand Weapons
 Y - a +1 shortbow (weapon)
Armour
 e - a +0 pair of gloves (worn)
 h - a +0 ring mail (worn)
Jewellery
 k - a +6 ring of strength (left hand)
Scrolls
 f - a scroll of teleportation
Potions
 a - a potion of lignification {unknown}
 b - a potion of cancellation {unknown}
 c - a potion of mutation {unknown}
 d - a potion of heal wounds {unknown}
 i - a potion of curing {unknown}
 j - a potion of resistance {unknown}

Dungeon Overview and Level Annotations

Branches:
Dungeon (5/15)             Temple (1/1) D:4

Altars:
Ashenzari
Cheibriados
Dithmenos
Fedhas
Gozag
Hepliaklqana
Makhleb
Nemelex Xobeh
Okawaru
Qazlal
Ru
Sif Muna
Trog
Uskayaw
Wu Jian
Yredelemnul
Zin

Annotations:
D:5 Ijyb


Message History

The arrow hits the jackal but does no damage.
The gnoll sergeant closely misses you.
The gnoll throws a boomerang.
The boomerang completely misses you. The gnoll hits you with a +0 whip.
You shoot an arrow. The arrow hits the gnoll!
You kill the gnoll!
Okawaru accepts your kill.
The gnoll sergeant hits you but does no damage.
You shoot an arrow.
The arrow hits the jackal but does no damage.
The gnoll sergeant hits you from afar with a +0 spear.
The jackal bites you.
The gnoll throws a boomerang.
The boomerang hits you but does no damage.
The gnoll sergeant hits you from afar with a +0 spear.
You shoot an arrow. The arrow hits the jackal.
The jackal is almost dead.
The jackal closely misses you. You furiously retaliate!
You headbutt the jackal!
You kill the jackal!
Okawaru accepts your kill.
The gnoll throws a boomerang.
The boomerang hits you. The gnoll sergeant closely misses you.
The gnoll throws a boomerang.
The boomerang hits you.
You shoot an arrow.
The arrow hits the gnoll sergeant but does no damage.
The gnoll sergeant is heavily wounded.
The gnoll sergeant barely misses you.
The gnoll throws a boomerang.
The boomerang hits you.
2652 ||| READING 2 scrolls of teleportation.
As you read the scroll of teleportation, it crumbles to dust.
You feel strangely unstable.
Ijyb zaps a wand.
You resist with some effort.
The gnoll sergeant hits you from afar with a +0 spear.
You shoot an arrow.
The arrow barely misses the gnoll sergeant.
The gnoll sergeant hits you from afar with a +0 spear.
You shoot an arrow.
The arrow barely misses the gnoll sergeant.
Ijyb zaps a wand.
You resist with some effort.
The gnoll sergeant hits you from afar with a +0 spear.
The gnoll throws a boomerang.
The boomerang hits you.
You die...

#...........
###.......#
#.......#
##....#.##
#####........
#...#...##...
#......## ..
..#.....## .
#.......@#
........).#
#.......g...
#.............
............#..!
~~~~~~....### ..
..gg~~..## .
....g~...


You could see a gnoll sergeant, Ijyb and 2 gnolls.

Vanquished Creatures
  A scorpion (D:4)
  A jelly (D:4)
  2 hounds (D:4)
  An iguana (D:5)
  2 orc wizards (D:4)
  3 gnolls (D:5)
  8 adders
  3 worms
  A dart slug (D:4)
  9 orcs
  3 bats
  3 endoplasms
  3 giant cockroaches
  2 hobgoblins
  A jackal (D:5)
  4 kobolds
  3 quokkas
  2 ball pythons (D:3)
  2 frilled lizards
  6 goblins
  5 rats
65 creatures vanquished.

Notes
Turn   | Place    | Note
-------+----------+-------------------------------------------
     0 | D:1      | qw the Minotaur Hunter began the quest for the Orb.
     0 | D:1      | Reached XP level 1. HP: 18/18 MP: 0/0
     0 | D:1      | 0 ||| qw: Version: 0.2-a-117-gc6b5c8b
     0 | D:1      | 0 ||| qw: Game counter: 2430
     0 | D:1      | 0 ||| qw: Always use a shield: true
     0 | D:1      | 0 ||| qw: God list: Okawaru
     0 | D:1      | 0 ||| qw: Allow faded altars: false
     0 | D:1      | 0 ||| qw: Do Orc after D:15 true
     0 | D:1      | 0 ||| qw: Do second Lair branch before Depths: true
     0 | D:1      | 0 ||| qw: Lair rune preference: random
     0 | D:1      | 0 ||| qw: Plans: Normal
     0 | D:1      | 0 ||| PLANNING D:1-11
     1 | D:1      | Found a shadowy altar of Dithmenos.
   406 | D:1      | Found a faded altar of an unknown god.
   553 | D:1      | 553 ||| UPGRADING to +0 pair of gloves.
   558 | D:1      | 558 ||| UPGRADING to +0 ring mail.
   568 | D:1      | 568 ||| DROPPING +0 leather armour.
   569 | D:1      | 569 ||| UPGRADING to amulet of guardian spirit.
   574 | D:1      | 574 ||| READING scroll labelled VONEON FUTSO.
   575 | D:1      | 575 ||| READING scroll labelled TOM MECWURGH.
   576 | D:1      | 576 ||| READING scroll labelled CIOREALAWK.
   579 | D:1      | 579 ||| DROPPING scroll of butterflies.
   621 | D:2      | Reached XP level 2. HP: 16/25 MP: 1/1
   666 | D:2      | Reached skill level 1 in Armour
   685 | D:2      | Reached skill level 5 in Ranged Weapons
   731 | D:2      | Reached skill level 3 in Fighting
   731 | D:2      | Reached XP level 3. HP: 31/31 MP: 2/2
   998 | D:2      | 998 ||| READING scroll labelled PUDWUM MAUSE.
   999 | D:2      | 999 ||| READING scroll labelled QOUMURPH NUSCH.
  1000 | D:2      | 1000 ||| READING scroll labelled UGEBBAK TOFU.
  1001 | D:2      | 1001 ||| READING scroll labelled WOTYEP FIFAO.
  1002 | D:2      | 1002 ||| READING scroll labelled CEUNON JEECAFE.
  1165 | D:3      | Reached XP level 4. HP: 38/38 MP: 3/3
  1482 | D:3      | Found a hazy altar of Hepliaklqana.
  1584 | D:4      | Reached skill level 6 in Ranged Weapons
  1615 | D:4      | 1615 ||| FLEEEEING.
  1616 | D:4      | 1616 ||| FLEEEEING.
  1617 | D:4      | 1617 ||| FLEEEEING.
  1618 | D:4      | 1618 ||| FLEEEEING.
  1621 | D:4      | 1621 ||| FLEEEEING.
  1622 | D:4      | 1622 ||| FLEEEEING.
  1623 | D:4      | 1623 ||| FLEEEEING.
  1624 | D:4      | 1624 ||| FLEEEEING.
  1625 | D:4      | 1625 ||| FLEEEEING.
  1626 | D:4      | 1626 ||| FLEEEEING.
  1628 | D:4      | 1628 ||| FLEEEEING.
  1629 | D:4      | 1629 ||| FLEEEEING.
  1630 | D:4      | 1630 ||| FLEEEEING.
  1631 | D:4      | 1631 ||| FLEEEEING.
  1632 | D:4      | 1632 ||| FLEEEEING.
  1633 | D:4      | 1633 ||| FLEEEEING.
  1639 | D:4      | 1639 ||| STAIRDANCE
  1695 | D:4      | Reached XP level 5. HP: 46/46 MP: 4/4
  1699 | D:4      | 1699 ||| STAIRDANCE
  1965 | D:4      | Reached skill level 7 in Ranged Weapons
  2047 | D:4      | Reached XP level 6. HP: 52/52 MP: 5/5
  2124 | D:4      | Found a staircase to the Ecumenical Temple.
  2125 | D:4      | 2125 ||| PLANNING TEMPLE
  2125 | D:4      | 2125 ||| UPGRADING to +6 ring of strength.
  2131 | Temple   | Entered the Ecumenical Temple
  2174 | Temple   | 2174 ||| PLANNING OKAWARU WORSHIP
  2344 | Temple   | Became a worshipper of Warmaster Okawaru
  2344 | Temple   | 2344 ||| PLANNING D:1-11
  2345 | Temple   | 2345 ||| REMOVING amulet of guardian spirit.
  2350 | Temple   | 2350 ||| DROPPING amulet of guardian spirit.
  2439 | D:4      | 2439 ||| DROPPING ring of flight.
  2465 | D:5      | Entered Level 5 of the Dungeon
  2465 | D:5      | Found a stormy altar of Qazlal.
  2486 | D:5      | 2486 ||| FLEEEEING.
  2487 | D:5      | 2487 ||| STAIRDANCE
  2545 | D:5      | 2545 ||| STAIRDANCE
  2639 | D:5      | Noticed Ijyb
  2644 | D:5      | Reached skill level 8 in Ranged Weapons
  2651 | D:5      | HP: 11/52 [gnoll/boomerang (5)]
  2652 | D:5      | 2652 ||| READING 2 scrolls of teleportation.
  2653 | D:5      | HP: 5/52 [gnoll sergeant/+0 spear (1)]
  2654 | D:5      | Hit by a boomerang thrown by a gnoll

Levels and vault maps discovered:
D:1:      sevenhm_arrival_forest_fort_small_6, layout_basic,
          basic_ecumenical_altar, chequers_big_river
D:2:      layout_rooms, mrwooster_statue_mirror, minmay_misc_feat_hallway
D:3:      layout_basic, mainiacjoe_overflow_brackets
D:4:      layout_rooms, minmay_temple_entry_hall, guppyfry_early_lair_pool
D:5:      layout_cave_pools, lemuel_tele_altar, grunt_qazlal_clouds,
          serial_gnoll_camp, grums_kennel, gnoll_camp_mini_shop,
          gnoll_camp_mini_house, gnoll_camp_mini_hut, gnoll_camp_huts_moat,
          uniq_ijyb
Temple:   eino_narrow_crystal_temple

Skill      XL: |  1  2  3  4  5  6 |
---------------+-------------------+-----
Armour         | 1 |  1.0
Ranged Weapons | 5 6 7 8 |  8.0
Fighting       | 3 4 |  4.1
Dodging        | |  2.1
Stealth        | |  0.7

Action                     |  1- 3 |  4- 6 || total
---------------------------+-------+-------++-------
   Fire: Shortbow          |    95 |   121 ||   216
    Use: Scroll            |     8 |     1 ||     9
 Armour: Ring mail         |    15 |    19 ||    34
  Dodge: Dodged            |    20 |    34 ||    54

Table legend:
 A = Non-vault XP
 B = Vault XP
 C = Vault XP percentage of total XP
 D = Non-vault monster count
 E = Vault monster count
 F = Vault count percentage of total count
                 A         B        C        D         E       F
            +---------+---------+-------+---------+---------+-------
      Total |     498 |      70 |  12.3 |      59 |       6 |   9.2
            +---------+---------+-------+---------+---------+-------
        D:1 |      10 |       0 |   0.0 |       7 |       0 |   0.0
        D:2 |      66 |       0 |   0.0 |      15 |       0 |   0.0
        D:3 |      34 |       0 |   0.0 |      16 |       0 |   0.0
        D:4 |     338 |      26 |   7.1 |      19 |       2 |   9.5
        D:5 |      50 |      44 |  46.8 |       2 |       4 |  66.7
            +---------+---------+-------+---------+---------+-------
